 Dungeon Crawl Stone Soup version 0.20.0-8-g6b59dc7 (webtiles) character file.

28424 tsouns the Covert (level 13, -4/80 HPs)
             Began as a Tengu Assassin on May 31, 2017.
             Was an Elder of Dithmenos.
             Slain by an ice beast (11 damage)
             ... summoned by an ice statue
             ... in an ice cave.
             The game lasted 01:14:56 (18719 turns).

tsouns the Covert (Tengu Assassin)                 Turns: 18719, Time: 01:14:59

Health: -4/80      AC:  9    Str: 18    XL:     13   Next: 38%
Magic:  0/20       EV: 18    Int: 17    God:    Dithmenos [****..]
Gold:   1030       SH:  5    Dex: 16    Spells: 5/21 levels left

rFire    . . .     SeeInvis .   u - +3 falchion of Gravity {vamp, Str+5 Int-3}
rCold    . . .     Gourm    .   R - +0 buckler
rNeg     . . .     Faith    .   L - +0 troll leather armour
rPois    +         Spirit   +   (helmet restricted)
rElec    .         Reflect  .   d - +1 cloak
rCorr    .         Harm     .   B - +2 pair of gloves
MR       .....                  (boots unavailable)
Stlth    +++++++...             l - amulet of guardian spirit
Regen    0.7/turn               c - ring of poison resistance
MPRegen  0.2/turn               (no ring)

@: brilliant, wreathed by umbra
A: beak, talons 3, able to fly 1
a: Fly, Shadow Step, Renounce Religion


You were in an ice cave.
You worshipped Dithmenos.
Dithmenos was greatly pleased with you.
You were not hungry.

You visited 4 branches of the dungeon, and saw 18 of its levels.
You also visited: Labyrinth, Ossuary and Ice Cave.

You collected 1301 gold pieces.
You spent 271 gold pieces at shops.

Inventory:

Hand Weapons
 b - a +0 blowgun
 j - a +3 falchion of holy wrath
 u - the +3 falchion of Gravity (weapon) {vamp, Str+5 Int-3}
   (You found it on level 5 of the Lair of Beasts)

   It inflicts no extra harm, but heals its wielder when it wounds a living foe.
   It affects your strength (+5).
   It affects your intelligence (-3).
 x - a +4 dagger of venom
Missiles
 e - 64 poisoned needles
 h - 6 needles of sleeping
 n - 2 curare-tipped needles
 y - 13 tomahawks (quivered)
 D - 3 javelins
 F - 149 arrows
Armour
 d - a +1 cloak (worn)
 B - a +2 pair of gloves (worn)
 H - a +2 robe of magic resistance
 L - a +0 troll leather armour (worn)
 R - a +0 buckler (worn)
Jewellery
 c - a ring of poison resistance (left hand)
 l - an amulet of guardian spirit (around neck)
 W - a +5 amulet of reflection
 Z - an uncursed amulet of rage
Wands
 A - a wand of iceblast (2/15)
 C - a wand of acid (4/15)
 J - a wand of digging (5/24)
 N - a wand of polymorph (11/24)
 U - a wand of lightning (7/15)
 V - a wand of confusion (17/48)
Scrolls
 a - 3 scrolls of remove curse
 p - 2 scrolls of magic mapping
 t - 2 scrolls of fog
 w - 11 scrolls of teleportation
 G - 5 scrolls of fear
 M - 3 scrolls of identify
Potions
 i - 5 potions of haste
 o - 3 potions of flight
 q - 6 potions of curing
 r - a potion of mutation
 z - 3 potions of heal wounds
 E - a potion of invisibility
 S - a potion of magic
 Y - 2 potions of lignification
Miscellaneous
 m - a phantom mirror
Comestibles
 g - 9 bread rations
 k - 4 meat rations


   Skills:
 + Level 9.3 Fighting
 - Level 9.4(10.2) Short Blades
 + Level 6.2(8.7) Long Blades
 - Level 2.2 Throwing
 + Level 1.5 Armour
 + Level 8.6 Dodging
 + Level 12.2 Stealth
 - Level 4.8 Shields
 + Level 4.6 Spellcasting
 - Level 2.0 Conjurations
 - Level 5.1 Summonings
 - Level 3.6 Air Magic
 - Level 2.5 Poison Magic
 - Level 2.7 Invocations
 + Level 6.2 Evocations


You had 5 spell levels left.
You knew the following spells:

 Your Spells              Type           Power        Failure   Level  Hunger
a - Sticks to Snakes      Tmut           ##......     3%          2    ##.....
b - Ozocubu's Armour      Chrm/Ice       ##......     6%          3    ###....
c - Summon Ice Beast      Ice/Summ       ###.....     7%          4    ####...
d - Poisonous Vapours     Pois/Air       ###...       1%          2    ##.....
e - Mephitic Cloud        Conj/Pois/Air  ###.....     2%          3    ###....
f - Corpse Rot            Necr           N/A          3%          2    ##.....


Dungeon Overview and Level Annotations

Branches:
Dungeon (10/15)            Temple (1/1) D:7            Lair (6/6) D:9
  Swamp (0/4) Lair:2        Snake (0/4) Lair:4          Orc (1/2) D:10
  Slime: Lair:5-6

Altars:
Ashenzari
Cheibriados
Dithmenos
Elyvilon
Fedhas
Gozag
Hepliaklqana
Kikubaaqudgha
Makhleb
Nemelex Xobeh
Okawaru
Qazlal
Ru
Sif Muna
Trog
Uskayaw
Vehumet
Xom
Yredelemnul
Zin
The Shining One

Shops:
D:8 *

Annotations:
D:10 exclusion: obsidian statue
Lair:4 exclusion: 5 oklob plants
Lair:5 exclusion: 2 oklob plants IceCv exclusion: 2 ice statues


Innate Abilities, Weirdness & Mutations

You have a beak for a mouth.
You have claws for feet.
You can fly.


Message History

The ice beast misses you.
Your ice beast hits the ice beast.
Your ice beast freezes the ice beast.
The ice beast completely resists.
Your ice beast hits the ice beast but does no damage.
The ice beast hits your ice beast but does no damage.
You are engulfed in freezing vapours.
* * * LOW HITPOINT WARNING * * *
Your ice beast hits the ice statue but does no damage.
You block the ice beast's attack.
Your ice beast hits the ice beast.
Your ice beast freezes the ice beast.
The ice beast completely resists.
Your ice beast hits the ice beast.
Your ice beast freezes the ice beast.
The ice beast completely resists.
The ice beast closely misses your ice beast.
Your ice beast hits the ice statue but does no damage.
The ice beast hits your ice beast. The ice beast freezes your ice beast.
Your ice beast completely resists.
Your ice beast barely misses the ice beast. x2
The ice beast hits you.
* * * LOW HITPOINT WARNING * * *
The ice beast freezes you!
You die...

###.###
##.....##
##.......##
#.........#
#.........#
#(........#
#.........#
#.........#
#####@#####
#.....Y§Y8#
#.....YY§Y#
#......§Y.#
#....÷....#
#.........#
##.......##
##.....##
###8###


You could see an ice statue, 3 ice beasts and 3 friendly ice beasts.

Vanquished Creatures
  An ettin (D:10)
  A minotaur (Lab)
  A hydra (Lair:2)
  3 two-headed ogres
  An ugly thing (IceCv)
  An ice statue (IceCv)
  Psyche (D:8)
  10 spiny frogs
  A gargoyle (D:10)
  A torpor snail (Lair:5)
  3 komodo dragons
  2 ice devils (Orc:1)
  2 polar bears (Lair:4)
  A troll (D:10)
  3 hornets
  5 blink frogs (Lair:2)
  Prince Ribbit (D:5)
  4 hippogriffs
  A spriggan (Lair:1)
  23 yaks
  Sigmund (D:4)
  4 basilisks
  Eustachio (D:4)
  2 hungry ghosts
  4 vampire mosquitoes (D:10)
  A naga (Lair:4)
  2 soldier ants (D:8)
  7 porcupines
  10 orc warriors
  8 water moccasins
  2 sky beasts
  8 ice beasts
  4 black bears
  An eye of draining (D:8)
  5 ogres
  9 wolves
  4 centaurs
  5 big kobolds
  13 crocodiles
  17 bullfrogs
  A gnoll sergeant (D:10)
  3 electric eels
  2 bullfrog zombies
  3 centaur zombies
  A hound (D:5)
  5 jellies
  10 orc priests
  2 bullfrog skeletons
  2 centaur skeletons
  4 iguanas
  12 orc wizards
  7 worker ants
  A killer bee zombie (D:10)
  3 ogre zombies (Ossuary)
  A hound skeleton (D:7)
  A hound zombie (D:10)
  7 mummies (Ossuary)
  5 worker ant zombies
  10 gnolls
  2 howler monkey skeletons
  10 adders
  2 shadow imps
  7 adder zombies (Ossuary)
  3 adder skeletons
  2 worms
  A dart slug (D:2)
  7 leopard geckos
  38 orcs
  2 bats
  7 giant cockroaches
  2 gnoll zombies (Ossuary)
  5 goblins
  5 hobgoblins
  8 jackals
  12 kobolds
  6 quokkas
  A ball python (D:7)
  A ball python zombie (D:5)
  3 frilled lizards
  4 goblin zombies (Ossuary)
  4 hobgoblin zombies (Ossuary)
  4 kobold zombies (Ossuary)
  A leopard gecko skeleton (D:5)
  A leopard gecko zombie (D:5)
  An orc zombie (Ossuary)
  4 quokka zombies
  5 rats
  A rat zombie (Ossuary)
  A plant (Lair:1)
404 creatures vanquished.

Vanquished Creatures (others)
  A scorpion (D:8)
  9 fungi
  9 plants
19 creatures vanquished.

Grand Total: 423 creatures vanquished

Notes
Turn   | Place    | Note
-------+----------+-------------------------------------------
     0 | D:1      | tsouns the Tengu Assassin began the quest for the Orb.
     0 | D:1      | Reached XP level 1. HP: 12/12 MP: 2/2
   132 | D:1      | Reached XP level 2. HP: 12/18 MP: 3/3
   884 | D:2      | Reached XP level 3. HP: 19/22 MP: 2/4
   888 | D:2      | Learned a level 2 spell: Sticks to Snakes
  1731 | D:2      | Reached XP level 4. HP: 27/28 MP: 3/5
  2498 | D:4      | Found a sand-covered staircase.
  2501 | D:4      | Reached skill level 5 in Stealth
  2526 | D:4      | Gained mutation: You can fly. [Tengu growth]
  2526 | D:4      | Reached XP level 5. HP: 32/32 MP: 6/6
  2547 | D:4      | Noticed Eustachio
  2564 | D:4      | Killed Eustachio
  2564 | D:4      | Reached XP level 6. HP: 28/38 MP: 1/7
  2648 | Ossuary  | Entered an ossuary
  2905 | Ossuary  | Reached skill level 1 in Long Blades
  3199 | Ossuary  | Reached XP level 7. HP: 30/44 MP: 6/8
  3302 | Ossuary  | Reached skill level 6 in Stealth
  3587 | D:4      | Noticed Sigmund
  3595 | D:4      | Killed Sigmund
  3595 | D:4      | Reached skill level 5 in Short Blades
  3907 | D:4      | Reached skill level 5 in Fighting
  3979 | D:4      | Reached XP level 8. HP: 45/49 MP: 9/9
  4029 | D:4      | Found a shattered altar of Ashenzari.
  4500 | D:5      | Entered Level 5 of the Dungeon
  4641 | D:5      | Noticed Prince Ribbit
  4657 | D:5      | Killed Prince Ribbit
  4657 | D:5      | Reached skill level 7 in Stealth
  5589 | D:6      | Reached XP level 9. HP: 38/55 MP: 6/10
  5910 | D:6      | Reached skill level 5 in Dodging
  5910 | D:6      | Reached skill level 8 in Stealth
  6190 | D:6      | Found a shimmering altar of Xom.
  6191 | D:6      | Found a stormy altar of Qazlal.
  7455 | D:7      | Found a staircase to the Ecumenical Temple.
  7469 | Temple   | Entered the Ecumenical Temple
  7547 | Temple   | Became a worshipper of Dithmenos the Shadowed
  8090 | D:8      | Noticed a two-headed ogre
  8151 | D:8      | Killed a two-headed ogre
  8151 | D:8      | Reached skill level 9 in Stealth
  8151 | D:8      | Reached XP level 10. HP: 25/63 MP: 7/11
  8169 | D:8      | Found Vuhaw's General Store.
  8354 | D:8      | Bought a wand of paralysis (5/24) for 77 gold pieces
  8354 | D:8      | Bought a +2 robe of magic resistance for 194 gold pieces
  8550 | D:8      | Noticed Psyche
  8588 | D:8      | Killed Psyche
  8741 | D:8      | Noticed a two-headed ogre
  8837 | D:8      | Killed a two-headed ogre
  8837 | D:8      | Reached skill level 1 in Invocations
  8837 | D:8      | Reached skill level 1 in Evocations
  9556 | D:9      | Learned a level 3 spell: Ozocubu's Armour
  9561 | D:9      | Learned a level 4 spell: Summon Ice Beast
  9586 | D:9      | Reached * piety under Dithmenos
  9591 | D:9      | Reached skill level 10 in Stealth
  9591 | D:9      | Reached XP level 11. HP: 43/68 MP: 11/14
  9625 | D:9      | Found a staircase to the Lair.
  9733 | D:9      | Found a glowing silver altar of Zin.
  9753 | D:9      | Reached skill level 1 in Summonings
  9956 | D:9      | Reached skill level 1 in Spellcasting
 10092 | D:10     | Entered Level 10 of the Dungeon
 10092 | D:10     | Noticed an obsidian statue
 10189 | D:10     | Found a staircase to the Orcish Mines.
 10858 | D:10     | Reached ** piety under Dithmenos
 10927 | D:10     | Noticed an ettin
 10952 | D:10     | Killed an ettin
 10952 | D:10     | Reached skill level 1 in Shields
 11251 | D:10     | Noticed a two-headed ogre
 11292 | D:10     | Killed a two-headed ogre
 11689 | D:10     | Got an iridescent dagger
 11711 | D:9      | Identified the +6 dagger "Puniad" {pain, rElec} (You found it on level 10 of the Dungeon)
 11846 | Lair:1   | Entered Level 1 of the Lair of Beasts
 11920 | Lair:1   | Reached skill level 5 in Summonings
 11920 | Lair:1   | Reached XP level 12. HP: 71/75 MP: 17/17
 12006 | Lair:1   | Reached skill level 5 in Evocations
 13166 | Lair:2   | Reached skill level 11 in Stealth
 13212 | Lair:2   | Learned a level 2 spell: Poisonous Vapours
 13216 | Lair:2   | Learned a level 3 spell: Mephitic Cloud
 13627 | Lair:2   | Reached skill level 5 in Long Blades
 13674 | Lair:2   | Reached *** piety under Dithmenos
 13700 | Lair:2   | Found a staircase to the Swamp.
 14707 | Lair:2   | Noticed a six-headed hydra
 14738 | Lair:2   | Killed a six-headed hydra
 15542 | Lair:3   | Reached skill level 1 in Air Magic
 15706 | Lair:4   | Found a labyrinth entrance.
 15711 | Lab      | Entered a labyrinth
 15831 | Lab      | Noticed a minotaur
 15834 | Lab      | Killed a minotaur
 15834 | Lab      | Reached skill level 1 in Conjurations
 15834 | Lab      | Reached skill level 1 in Poison Magic
 15854 | Lab      | Identified the cursed +1 chain mail "Caraproc" {*Slow +Inv Regen+ rCorr} (You found it in a labyrinth)
 15860 | Lab      | Learned a level 2 spell: Corpse Rot
 16063 | Lair:4   | Reached skill level 12 in Stealth
 16071 | Lair:4   | Reached XP level 13. HP: 76/80 MP: 5/19
 16541 | Lair:4   | Reached **** piety under Dithmenos
 16680 | Lair:4   | Found a staircase to the Snake Pit.
 17110 | Lair:5   | Got a fine falchion
 17112 | Lair:5   | Identified the +3 falchion of Gravity {vamp, Str+5 Int-3} (You found it on level 5 of the Lair of Beasts)
 17910 | Lair:6   | Entered Level 6 of the Lair of Beasts
 18201 | Orc:1    | Entered Level 1 of the Orcish Mines
 18358 | Orc:1    | Found a frozen archway.
 18373 | IceCv    | Entered an ice cave
 18400 | IceCv    | Reached skill level 1 in Armour
 18719 | IceCv    | Slain by an ice beast

Skill      XL: |  1  2  3  4  5  6  7  8  9 10 11 12 13 |
---------------+----------------------------------------+-----
Fighting       | 3 4 5 6 7 8 9 |  9.3
Short Blades   | 3 4 5 6 8 9 |  9.4
Stealth        | 5 6 7 9 10 12 | 12.2
Long Blades    | 1 2 4 6 |  6.2
Dodging        | 2 4 6 7 8 |  8.6
Invocations    | 2 |  2.7
Evocations     | 3 4 5 6 |  6.2
Summonings     | 5 |  5.1
Spellcasting   | 3 4 |  4.6
Shields        | 2 4 |  4.8
Air Magic      | 2 3 |  3.6
Conjurations   | 2 |  2.0
Poison Magic   | 1 2 |  2.5
Armour         | 1 |  1.5
Throwing       | |  2.2

Action                   |  1- 3 |  4- 6 |  7- 9 | 10-12 | 13-15 || total
-------------------------+-------+-------+-------+-------+-------++-------
Melee: Dagger            |    81 |    59 |   399 |   985 |   229 ||  1753
       Kick              |    15 |    29 |   124 |   378 |   158 ||   704
       Peck              |    14 |    14 |    86 |   221 |    97 ||   432
       Falchion          |       |    54 |    28 |    95 |   119 ||   296
 Fire: Blowgun           |     5 |       |    12 |    30 |       ||    47
Throw: Tomahawk          |       |     2 |     4 |     3 |       ||     9
 Cast: Sticks to Snakes  |       |       |     2 |     2 |     1 ||     5
       Poisonous Vapours |       |       |       |     5 |    18 ||    23
       Summon Ice Beast  |       |       |       |       |     3 ||     3
       Corpse Rot        |       |       |       |       |     2 ||     2
       Mephitic Cloud    |       |       |       |       |     1 ||     1
       Ozocubu's Armour  |       |       |       |       |     1 ||     1
Invok: Shadow Step       |       |       |       |       |     1 ||     1
 Abil: Fly               |       |       |     1 |     7 |     2 ||    10
Evoke: Wand              |       |       |       |    10 |       ||    10
  Use: Scroll            |     5 |     5 |    14 |    17 |     4 ||    45
       Potion            |       |     1 |     3 |    11 |     4 ||    19
 Stab: Sleeping          |    10 |    16 |    23 |    41 |     8 ||    98
       Distracted        |       |       |       |     4 |     2 ||     6
       Paralysed         |       |       |       |     2 |       ||     2
       Confused          |       |       |       |       |     1 ||     1
  Eat: Chunk             |     2 |     4 |     6 |    14 |     2 ||    28
       Fruit             |       |     1 |     2 |     1 |     5 ||     9
       Bread ration      |       |     1 |     1 |       |     2 ||     4
       Royal jelly       |       |       |       |    10 |     2 ||    12
Armor: Robe              |    18 |    15 |    57 |    61 |       ||   151
       Troll leather arm |       |       |       |    35 |    54 ||    89
       Skin              |       |       |       |    10 |       ||    10
Dodge: Dodged            |    35 |    40 |   219 |   468 |   167 ||   929
Block: Buckler           |       |       |       |    77 |    60 ||   137
       Rpst.: Falchion   |       |     6 |     1 |    14 |    34 ||    55
